Unix NetHack Version 5.0.0-0 post-release - last build May 3 2026 23:40:34 (9823c992c0763bbd039eca2974112f46eaf799b3,branch:main). Game began 2026-05-04 05:08:04, ended 2026-05-04 06:03:43. witchwood, neutral female human Priestess ----- # --------- |...| ------.----- |.......| |....# ----- ####...........| |.......| ##....|#########-..>-## |....|.<..e| ############### |........# # |....## # |...|## |.........n|## -|---- |.......|# # |....# # |...|# --.-------e-# |....| |.......|# # ---.-# ## |...|### #######o@e# |....| ---------# # # # # #-.%..# # # |....| # # ## #%##.---- ### ## ###*->...| ### # # # # # --|--- #### |...)| # #* # #### # |.....########### ------ # # #-----# # # |.`..| #----------# #.....# ####-....| #|.........# |...|### |....| #*......`.| |....############ |....| |........| ----- ######.....| ---------- ------ Witchwood the Adept St:12 Dx:10 Co:18 In:10 Wi:14 Ch:14 Neutral Dlvl:4 $:2115 HP:0(62) Pw:87(87) AC:-1 Xp:7/1073 Fainted Burdened Deaf T:14399 Latest messages: The poisoned crude arrow misses the grid bug. A poisoned crude arrow misses you. The grid bug bites! You get zapped! The grid bug bites! You get zapped! The grid bug bites! You avoid harm. The poisoned crude arrow hits the grid bug. The poison doesn't seem to affect the grid bug. The poisoned crude arrow hits the grid bug. The poison doesn't seem to affect the grid bug. The grid bug is killed! You are almost hit by a poisoned crude arrow. A poisoned crude arrow misses you. You regain consciousness. You faint from lack of food. You regain consciousness. You faint from lack of food. The Uruk-hai picks up a poisoned crude arrow. The Uruk-hai thrusts her crude short sword. The Uruk-hai hits! The Uruk-hai thrusts her crude short sword. The Uruk-hai just misses! The Uruk-hai thrusts her crude short sword. The Uruk-hai just misses! The Uruk-hai thrusts her crude short sword. The Uruk-hai hits! The Uruk-hai thrusts her crude short sword. The Uruk-hai hits! The Uruk-hai thrusts her crude short sword. The Uruk-hai hits! The Uruk-hai thrusts her crude short sword. The Uruk-hai misses! The Uruk-hai thrusts her crude short sword. The Uruk-hai hits! The Uruk-hai thrusts her crude short sword. The Uruk-hai hits! The Uruk-hai thrusts her crude short sword. The Uruk-hai just misses! The Uruk-hai thrusts her crude short sword. The Uruk-hai hits! The mountain nymph wakes up! The Uruk-hai thrusts her crude short sword. The Uruk-hai hits! The Uruk-hai thrusts her crude short sword. The Uruk-hai hits! You die... Do you want your possessions identified? [ynq] (y) y Do you want to see your attributes? [ynq] (y) q Inventory: Coins ('$') $ - 2115 gold pieces Amulets ('"') x - an amulet of unchanging (being worn) Weapons (')') l - 4 +0 daggers named +0 z - a blessed +2 knife named +2 (at the ready) y - a blessed +1 orcish dagger named +1 v - a blessed +0 orcish dagger named +0 t - a +1 orcish dagger named +1 a - a blessed +1 mace (weapon in left hand) Armor ('[') w - a +0 orcish helm (being worn) O - a +3 pair of kicking boots (being worn) c - a +0 small shield (being worn) b - a +0 robe Y - a +0 elven mithril-coat (being worn) Comestibles ('%') e - a clove of garlic I - 5 food rations n - 2 oranges i - a sprig of wolfsbane A - a lichen corpse Scrolls ('?') o - a scroll of blank paper s - a scroll of teleportation Potions ('!') q - a cursed potion of gain level d - 4 potions of holy water Tools ('(') f - a blindfold g - a lock pick r - a mirror p - a +0 pick-axe Gems/Stones ('*') j - a flint stone u - a luckstone H - a touchstone Witchwood the Priestess's attributes: Background: You were an Adept, a level 7 human Priestess. You were neutral, on a mission for Crom who was opposed by Mitra (lawful) and Set (chaotic). You were left-handed. You were in the Dungeons of Doom, on level 4. You entered the dungeon 14399 turns ago. There was a full moon in effect when your adventure ended. You had 1073 experience points, 207 more were needed to attain level 8. Basics: You had 0 out of 62 hit points. You had all 87 energy points (spell power). Your armor class was -1. Your wallet contained 2115 zorkmids. Autopickup was on for '$"%?+!=/(*' plus thrown, with exceptions. Final Characteristics: Your strength was 12 (base:13, limit:18/100). Your dexterity was 10 (limit:18). Your constitution was 18 (limit:18). Your intelligence was 10 (limit:18). Your wisdom was 14 (limit:18). Your charisma was 14 (limit:18). Final Status: You were deaf. You were fainted due to starvation. You were burdened; movement was slightly slowed. You were wielding a mace. You had expert skill with mace. Final Attributes: You were piously aligned. You were poison resistant. You were telepathic. You were guarded. Your spell casting was impaired by metallic armor. You couldn't change from your current form. You were lucky. You had extra luck. Bad luck did not time out for you. Good luck did not time out for you. Crom was angry with you. You are dead. Miscellaneous: You didn't encounter any bones levels. Total elapsed playing time was 55 minutes and 39 seconds. Major events: Turn 1: witchwood the neutral human Priestess entered the dungeon 1455: attained the rank of Acolyte (level 3) 7278: attained the rank of Adept (level 6) 14399: killed by an Uruk-hai, while fainted from lack of food Spells: Name Level Category Fail Retention healing 1 healing 100% 26%-50% create monster 2 clerical 100% 21%-30% Skills: Fighting Skills bare handed combat [Unskilled] Weapon Skills club [Unskilled] mace [Expert] morning star [Unskilled] flail [Unskilled] hammer [Unskilled] quarterstaff [Unskilled] polearms [Unskilled] spear [Unskilled] trident [Unskilled] lance [Unskilled] bow [Unskilled] sling [Unskilled] crossbow [Unskilled] dart [Unskilled] shuriken [Unskilled] boomerang [Unskilled] unicorn horn [Unskilled] Spellcasting Skills healing spells [Unskilled] divination spells [Unskilled] clerical spells [Basic] Voluntary challenges: Character rerolling was not enabled. You were illiterate. You never genocided any monsters. You never polymorphed an object. You never changed form. You used no wishes. Achievements: You attained the rank of Acolyte. You entered a shop. You attained the rank of Adept. The Dungeons of Doom: levels 1 to 4 Level 1: A sink, a grave. Level 2: An armor shop. Level 3: Level 4: <- You were here. A grave. Final resting place for you, killed by an Uruk-hai, while fainted from lack of food. Vanquished creatures: a leprechaun a blue jelly a water nymph a mountain nymph 2 rock piercers a rock mole 3 shriekers 2 violet fungi a gnome leader 2 gray oozes 2 elf zombies a straw golem 2 paper golems 4 giant ants 5 floating eyes 3 kittens 3 dwarves a homunculus a kobold leader a kobold shaman 3 hill orcs a giant bat a monkey 2 wererats a werejackal 3 iguanas 2 acid blobs 2 coyotes 2 gas spores 3 hobbits 3 manes 3 large kobolds 2 hobgoblins 8 giant rats 6 cave spiders a brown mold 2 yellow molds 3 green molds a red mold 7 gnomes 4 garter snakes 2 gnome zombies 10 geckos 17 jackals 2 foxes 4 kobolds 11 goblins 3 sewer rats 14 grid bugs a bat 11 lichens 3 kobold zombies 19 newts 195 creatures vanquished. No species were genocided or became extinct. Game over: ---------- / \ / REST \ / IN \ / PEACE \ / \ | witchwood | | 2115 Au | | killed by an | | Uruk-hai | | | | | | 2026 | *| * * * | * _________)/\\_//(\/(/\)/\//\/|_)_______ Goodbye witchwood the Priestess... You died in The Dungeons of Doom on dungeon level 4 with 6346 points, and 2115 pieces of gold, after 14399 moves. You were level 7 with a maximum of 62 hit points when you died.